 Dungeon Crawl Stone Soup version 0.19.0-24-gb05acd6 (webtiles) character file.

107 Minion the Chopper (level 4, -6/35 HPs)
             Began as a Demonspawn Chaos Knight on Nov 22, 2016.
             Killed by nerve-wracking pain
             ... invoked by Grinder
              (10 damage)
             ... on level 3 of the Dungeon.
             The game lasted 00:04:51 (2094 turns).

Minion the Chopper (Demonspawn Chaos Knight)        Turns: 2094, Time: 00:04:53

Health: -6/35      AC:  5    Str: 15    XL:     4   Next: 56%
Magic:  4/4        EV: 11    Int: 14    God:    Xom [.*....]
Gold:   107        SH:  0    Dex: 13    Spells: 0 memorised, 3 levels left

rFire  . . .     SeeInvis .     j - +1 quarterstaff (crush)
rCold  . . .     Gourm    .     b - +2 leather armour
rNeg   . . .     Faith    .     (shield currently unavailable)
rPois  .         Spirit   .     (no helmet)
rElec  .         Reflect  .     (no cloak)
rCorr  .         Harm     .     (no gloves)
MR     +....                    (no boots)
Stlth  ++........               (no amulet)
                                h - +3 ring of strength
                                d - ring of protection from magic

@: no status effects
A: nightstalker 1, rot immunity, sturdy frame 1
a: Renounce Religion


You were on level 3 of the Dungeon.
You worshipped Xom.
You were a plaything of Xom.
You were not hungry.

You visited 1 branch of the dungeon, and saw 3 of its levels.

You collected 107 gold pieces.

Inventory:

Hand Weapons
 a - a +0 hand axe of chaos
 j - a +1 quarterstaff of crushing (weapon)
Armour
 b - a +2 leather armour (worn)
Jewellery
 d - a ring of protection from magic (left hand)
 h - a +3 ring of strength (right hand)
Scrolls
 f - 4 scrolls of identify
 k - 3 scrolls of blinking {unknown}
 n - 2 scrolls of fog {unknown}
Potions
 e - a potion of mutation
 m - a potion of berserk rage {unknown}
 p - a potion of might
Comestibles
 c - a bread ration
 g - 3 meat rations
 i - a royal jelly
 l - 4 fruits


   Skills:
 - Level 3.0 Fighting
 - Level 3.8 Axes
 + Level 2.7 Staves
 - Level 1.7 Armour
 - Level 0.8 Dodging


You had 3 spell levels left.
You didn't know any spells.

Dungeon Overview and Level Annotations

Branches:
Dungeon (3/15)

Altars:
Nemelex Xobeh
Xom

Annotations:
D:3 Grinder, Ijyb


Innate Abilities, Weirdness & Mutations

You are slightly more attuned to the shadows.
You are immune to rotting.
Your movements are slightly less encumbered by armour. (ER -2)


Message History

Ijyb hits you.
* * * LOW HITPOINT WARNING * * *
Grinder hits you.
* * * LOW HITPOINT WARNING * * *
You can move again.
Ijyb hits you but does no damage. Ijyb closely misses you.
Grinder blinks!
Ijyb completely misses you. Ijyb hits you.
* * * LOW HITPOINT WARNING * * *
Grinder gestures at you. You resist with some effort.
You closely miss Grinder.
Grinder is lightly wounded.
Ijyb hits you but does no damage. Grinder gestures at you.
Pain shoots through your body!
You die...
Xom snickers!

#.#####.#.....)#.# #.#
#.#.....)..######## #.#
#.#.....)..(.<....#
###.#####.........##......#
#..................#......#
#.......###......#........#
#.......# ##....####......#
#.......# ##.....###....r.#
######### #.@§§...##......#
#.g5§...# ∆ ∆ #..§....#
##........ #.......##
#.......# #.......#
##.....## ##...##


You could see Grinder and Ijyb.

Vanquished Creatures
  An orc wizard (D:3)
  2 adders (D:2)
  2 worms (D:2)
  A dart slug (D:2)
  A leopard gecko (D:3)
  3 orcs (D:3)
  9 bats
  A giant cockroach (D:2)
  3 goblins
  3 hobgoblins
  10 kobolds
  A quokka (D:2)
  A ball python (D:1)
  3 frilled lizards
  6 rats
47 creatures vanquished.

Notes
Turn   | Place    | Note
-------+----------+-------------------------------------------
     0 | D:1      | Minion the Demonspawn Chaos Knight began the quest for the Orb.
     0 | D:1      | Reached XP level 1. HP: 18/18 MP: 1/1
    72 | D:1      | Gained mutation: You are slightly more attuned to the shadows. [demonic ancestry]
    72 | D:1      | Reached XP level 2. HP: 21/24 MP: 2/2
   412 | D:1      | XOM: divination: detect items
   480 | D:2      | XOM: silly message
   540 | D:2      | Gained mutation: You are immune to rotting. [demonic ancestry]
   540 | D:2      | Reached XP level 3. HP: 10/29 MP: 3/3
   792 | D:2      | XOM: silly message
   884 | D:2      | Found a faded altar of an unknown god.
   887 | D:2      | XOM: harmless Chrm miscast
   903 | D:2      | XOM: medium Conj miscast
   908 | D:2      | Reached skill level 1 in Staves
  1356 | D:2      | Found a sparkling altar of Nemelex Xobeh.
  1440 | D:2      | XOM: god gift: meat ration
  1611 | D:2      | Found a shimmering altar of Xom.
  1801 | D:3      | Gained mutation: Your movements are slightly less encumbered by armour. (ER -2) [demonic ancestry]
  1801 | D:3      | Reached XP level 4. HP: 35/35 MP: 4/4
  2064 | D:3      | Noticed Grinder
  2064 | D:3      | Noticed Ijyb
  2078 | D:3      | Paralysed by Grinder for 7 turns
  2079 | D:3      | XOM: divination: detect items
  2083 | D:3      | XOM: smoke on damage
  2094 | D:3      | Killed from afar by Grinder

Skill      XL: |  1  2  3 |
---------------+----------+-----
Axes           | 3 |  3.8
Staves         | 2 |  2.7
Fighting       | |  3.0
Armour         | |  1.7
Dodging        | |  0.8

Action                   |  1- 3 |  4- 6 || total
-------------------------+-------+-------++-------
Melee: Hand axe          |    43 |       ||    43
       Quarterstaff      |    42 |    30 ||    72
  Use: Scroll            |     2 |       ||     2
       Potion            |     4 |     1 ||     5
 Stab: Sleeping          |    10 |       ||    10
  Eat: Chunk             |     3 |     1 ||     4
Armor: Leather armour    |    39 |    27 ||    66
Dodge: Dodged            |    68 |    28 ||    96
